Map: 아크로폴리스 - 래더

Players

llllllllllll (Trap) - Winner!

  • Race: Protoss Protoss
  • League: Master
  • Spawn Location: 5:00

GuMiho

  • Race: Terran Terran
  • League: Master
  • Spawn Location: 11:00

VOD

Have the link to the VOD?

Description

Time

  • Played on: Aug. 8, 2019, 7:05 a.m.
  • Length: 9:45
Show
View Real Time Build Order
Export as new Build Order

llllllllllll Protoss - Winner!

Build Orders: 1 Gate Expand, Colossus Rush 

Get SALT Encoding   

  12  0:00  Probe  
  13  0:12  Probe  
  14  0:18  Pylon  
  14  0:24  Probe  
  15  0:33  Probe  
  15  0:37  Gateway  
  15  0:41  Probe  
  16  0:49  Assimilator  
  17  0:51  Probe  
  18  1:03  Probe  
  19  1:15  Probe  
  20  1:22  Nexus  
  20  1:31  Cybernetics Core  
  20  1:34  Probe  
  21  1:40  Assimilator  
  21  1:46  Probe  
  22  1:50  Pylon  
  22  1:58  Adept  
  22  1:59  Probe  
  25  2:09  Warp Gate  
  25  2:11  Probe  
  26  2:19  Robotics Facility  
  26  2:21  Stalker  
  26  2:23  Probe  
  28  2:30  Probe  
  28  2:35  Probe  
  30  2:38  Probe  
  31  2:47  Probe  
  31  2:48  Probe  
  33  2:53  Stalker  
  35  2:59  Probe  
  35  3:01  Probe  
  37  3:10  Observer  
  37  3:11  Probe, Robotics Bay  
  38  3:13  Probe  
  38  3:16  Gateway  
  40  3:22  Pylon  
  40  3:23  Probe  
  40  3:25  Probe  
  42  3:32  Warp Prism  
  44  3:35  Probe  
  44  3:37  Probe  
  46  3:44  Assimilator  
  46  3:46  Assimilator  
  46  3:47  Probe  
  46  3:48  Gravitic Drive  
  47  3:49  Pylon, Probe  
  48  3:59  Disruptor  
  48  4:00  Probe  
  48  4:02  Probe  
  51  4:12  Probe  
  51  4:14  Probe  
  53  4:20  Stalker  
  53  4:21  Stalker  
  53  4:24  Probe  
  58  4:25  Disruptor  
  58  4:26  Probe  
  58  4:30  Pylon  
  59  4:37  Pylon  
  62  4:44  Nexus  
  62  4:51  Probe x2  
  64  4:56  Stalker x2  
  68  5:03  Observer  
  68  5:06  Probe x2  
  71  5:16  Gateway  
  71  5:17  Gateway  
  69  5:25  Probe x2  
  69  5:28  Forge  
  70  5:30  Forge, Extended Thermal Lance  
  70  5:33  Colossus  
  70  5:40  Probe x2  
  78  5:53  Protoss Ground Weapons Level 1, Protoss Ground Armor Level 1  
  78  6:01  Probe x2  
  78  6:02  Probe  
  81  6:09  Twilight Council  
  81  6:15  Probe x3  
  81  6:17  Stalker x3  
  89  6:23  Photon Cannon  
  89  6:25  Photon Cannon  
  89  6:29  Probe x3  
  92  6:38  Pylon  
  91  6:41  Colossus, Blink  
  91  6:43  Pylon  
  91  6:44  Photon Cannon  
  91  6:53  Probe x2  
  93  6:56  Probe  
  93  6:58  Pylon  
  93  7:01  Pylon  
  100  7:03  Pylon  
  100  7:04  Sentry x2, Zealot  
  100  7:05  Zealot  
  108  7:13  Pylon  
  108  7:17  Pylon  
  108  7:22  Gateway  
  108  7:24  Gateway  
  108  7:25  Gateway x2  
  108  7:30  Assimilator  
  108  7:31  Observer, Assimilator  
  108  7:32  Sentry  
  108  7:35  Stalker x3  
  116  7:40  Colossus  
  121  7:59  Pylon  
  121  8:01  Pylon  
  121  8:09  Stalker x3  
  121  8:10  Stalker  
  125  8:16  Stalker  
  125  8:21  Stalker x2  
  125  8:25  Warp Prism  
  114  8:36  Probe x3  
  114  8:41  Zealot x5  
  129  8:48  Probe x2  
  129  8:49  Probe  
  129  8:50  Pylon  
  132  8:56  Stalker x2  
  136  9:05  Zealot x2  
  136  9:06  Zealot x3  
  134  9:39  Stalker x5  
  134  9:40  Stalker x2  
Show
View Real Time Build Order
Export as new Build Order

GuMiho Terran 

Build Orders: Reaper Expand 

Get SALT Encoding   

  12  0:00  SCV  
  13  0:12  SCV  
  14  0:17  Supply Depot  
  14  0:24  SCV  
  15  0:39  SCV  
  15  0:41  Barracks  
  16  0:43  Refinery  
  16  0:51  SCV  
  17  1:03  SCV  
  18  1:15  SCV  
  19  1:28  Orbital Command, Reaper  
  20  1:42  Command Center  
  20  1:50  Supply Depot  
  21  1:54  SCV  
  21  2:00  Barracks Reactor  
  21  2:06  SCV  
  22  2:18  SCV  
  22  2:20  Bunker  
  22  2:22  Factory  
  23  2:30  SCV  
  23  2:36  Marine  
  25  2:37  Marine  
  25  2:42  SCV  
  26  2:52  Command Center  
  26  2:55  Orbital Command  
  26  2:59  SCV  
  26  3:01  Marine  
  26  3:02  Marine  
  29  3:10  Starport  
  29  3:15  Widow Mine  
  29  3:16  SCV  
  31  3:22  SCV  
  31  3:23  Marine x2  
  34  3:29  SCV  
  35  3:34  SCV  
  35  3:36  Widow Mine  
  35  3:41  Refinery, SCV  
  39  3:42  Marine x2  
  39  3:47  SCV  
  42  3:53  SCV  
  42  3:54  Medivac  
  45  3:59  Barracks  
  45  4:00  Marine  
  46  4:03  SCV, Marine  
  46  4:05  SCV  
  48  4:11  Barracks, Factory Tech Lab  
  48  4:12  Orbital Command  
  48  4:15  SCV  
  49  4:17  Refinery, SCV  
  49  4:20  Marine  
  49  4:21  Marine  
  52  4:25  Engineering Bay  
  52  4:29  SCV x2  
  54  4:37  Starport Tech Lab  
  54  4:38  SCV, Marine x2  
  56  4:45  SCV x2  
  59  4:48  Barracks  
  59  4:52  Barracks, Supply Depot  
  59  4:53  Terran Infantry Weapons Level 1  
  59  5:02  SCV x2  
  59  5:05  Refinery  
  61  5:07  Orbital Command  
  61  5:11  Marine x3  
  61  5:17  Stimpack  
  61  5:24  SCV  
  61  5:25  Marine  
  61  5:27  SCV  
  60  5:29  Marine x2  
  60  5:30  Missile Turret, Medivac  
  60  5:31  Missile Turret  
  61  5:37  Marine  
  61  5:39  Barracks Tech Lab, Barracks Reactor  
  61  5:42  SCV x2  
  62  5:43  Marine  
  62  5:44  Factory Reactor  
  62  5:47  Marine x2  
  62  5:49  Combat Shield  
  65  5:55  Marine  
  62  5:58  Marine  
  62  6:00  Marine  
  62  6:03  SCV x2  
  61  6:05  Viking, Marine x2  
  65  6:13  Marine  
  65  6:15  SCV x2  
  68  6:24  Supply Depot  
  68  6:25  Supply Depot x3  
  68  6:42  Marine  
  68  6:45  Orbital Command, Marine x3  
  68  6:46  SCV x2, Marauder x2  
  80  6:47  Marauder  
  80  6:48  Supply Depot  
  80  6:49  Supply Depot  
  80  6:52  Medivac x2  
  80  6:53  Terran Infantry Armor Level 1  
  84  6:58  SCV x2  
  84  7:01  Supply Depot  
  86  7:03  Marine x2  
  86  7:07  Marauder  
  86  7:08  Marauder  
  92  7:10  SCV  
  92  7:11  SCV  
  92  7:12  SCV  
  93  7:18  Marine, Marauder  
  93  7:20  Marine  
  96  7:26  Medivac  
  96  7:28  Medivac  
  96  7:29  Marauder  
  102  7:32  SCV x2  
  102  7:33  SCV  
  102  7:36  Concussive Shells  
  105  7:39  Marine x2, Marauder x2  
  105  7:41  Marine x2  
  113  7:47  SCV  
  113  7:48  SCV x2  
  111  7:53  Marauder  
  111  7:57  Refinery, Marine x2  
  115  7:59  Marine x2  
  115  8:00  Refinery, SCV x2, Marauder  
  120  8:16  Marine x2, Marauder x2  
  120  8:18  SCV x3  
  118  8:22  Marauder  
  116  8:30  Marine x2  
  116  8:31  Viking x2  
  116  8:34  SCV x3  
  119  8:37  Factory Reactor  
  119  8:38  Marauder  
  119  8:40  Starport  
  122  8:45  Supply Depot  
  122  8:46  SCV x3  
  123  8:56  Marauder  
  123  8:57  Marauder  
  123  8:59  Marauder  
  120  9:03  Viking x2  
  120  9:06  SCV x2  
  120  9:07  Ghost Academy  
  120  9:08  SCV  
  122  9:17  Marine  
  122  9:18  Marauder x2  
  122  9:20  Marauder  
  112  9:26  Marine x2  
  112  9:27  Marine  
Tags
 
Add a new tag
Caveats
  • Supply blocks, unpowered buildings, or Contaminate may cause inaccurate times.
  • Supply counts are checked every 10 seconds.